NYP
LOS ANGELES (NYP) ANGELS @ HUDSON VALLEY RENEGADES
05/03/2044
 
TOP OF THE 1ST
Los Angeles (NYP) Angels batting - Pitching for Hudson Valley Renegades : RHP Kyle Thomas
Pitching: RHP Kyle Thomas
Batting: RHB Steve Hasson 0-0: Foul Ball, location: 2F
0-1: Swinging Strike
0-2: Ball
1-2: Ball
2-2: DOUBLE (Line Drive, 9LM, EV 96.9 MPH)
Batting: RHB Greg Burdine 0-0: Ball
1-0: Swinging Strike
1-1: Ball
2-1: Foul Ball, location: 2F
2-2: Ball
3-2: Fly out, F8 (Flyball, 8LXD, EV 78.1 MPH)
Runner from 2nd tags up, SAFE at 3rd, no throw by CF
Batting: RHB Randy Grewe 0-0: Ball
1-0: Ball
2-0: Fly out, F7 (Flyball, 7, EV 86.9 MPH)
Batting: RHB John Beddow 0-0: Ball
1-0: Foul Ball, location: 2F
1-1: Foul Ball, location: 2F
1-2: Ball
2-2: Strikes out swinging
Top of the 1st over - 0 runs, 1 hit, 0 errors, 1 left on base; Los Angeles (NYP) 0 - Hudson Valley 0
BOTTOM OF THE 1ST
Hudson Valley Renegades batting - Pitching for Los Angeles (NYP) Angels : RHP Jose Alvarado
Pitching: RHP Jose Alvarado
Batting: LHB Dan Hunt 0-0: Ground out 4-3 (Groundball, 4S, EV 74.4 MPH)
Batting: LHB Mark Marvin 0-0: Swinging Strike
0-1: Foul Ball, location: 2F
0-2: Ball
1-2: Strikes out swinging
Batting: SHB Suljo Dokic 0-0: Called Strike
0-1: Foul Ball, location: 2F
0-2: Strikes out looking
Bottom of the 1st over - 0 runs, 0 hits, 0 errors, 0 left on base; Los Angeles (NYP) 0 - Hudson Valley 0
TOP OF THE 2ND
Los Angeles (NYP) Angels batting - Pitching for Hudson Valley Renegades : RHP Kyle Thomas
Batting: SHB Roger Payne 0-0: Called Strike
0-1: Foul Ball, location: 2F
0-2: Ball
1-2: Fly out, F5 (Flyball, 56D, EV 88.8 MPH)
Batting: RHB Pat Crawley 0-0: Called Strike
0-1: Called Strike
0-2: Ball
1-2: Ball
2-2: Strikes out swinging
Batting: RHB Tristan Lewis 0-0: Ball
1-0: Swinging Strike
1-1: Foul Ball, location: 2F
1-2: Ball
2-2: Strikes out looking
Top of the 2nd over - 0 runs, 0 hits, 0 errors, 0 left on base; Los Angeles (NYP) 0 - Hudson Valley 0
BOTTOM OF THE 2ND
Hudson Valley Renegades batting - Pitching for Los Angeles (NYP) Angels : RHP Jose Alvarado
Batting: RHB Jesse Haddad 0-0: Ball
1-0: Ground out 5-3 (Groundball, 56S, EV 69.4 MPH)
Batting: RHB Mark Richert 0-0: Ground out 4-3 (Groundball, 4, EV 100.0 MPH)
Batting: SHB Josif Popovski 0-0: Called Strike
0-1: Ball
1-1: Swinging Strike
1-2: Ground out 1-3 (Groundball, 34S, EV 70.6 MPH)
Bottom of the 2nd over - 0 runs, 0 hits, 0 errors, 0 left on base; Los Angeles (NYP) 0 - Hudson Valley 0
TOP OF THE 3RD
Los Angeles (NYP) Angels batting - Pitching for Hudson Valley Renegades : RHP Kyle Thomas
Batting: RHB David Kunze 0-0: Foul Ball, location: 2F
0-1: Foul Ball, location: 2F
0-2: Ball
1-2: Ball
2-2: Strikes out swinging
Batting: RHB D.J. Martinez 0-0: Foul Ball, location: 2F
0-1: Swinging Strike
0-2: Ball
1-2: Ball
2-2: Foul Ball, location: 2F
2-2: DOUBLE (Flyball, 78D, EV 101.2 MPH)
Batting: RHB Steve Hasson 0-0: Called Strike
0-1: Ball
1-1: Ball
2-1: Swinging Strike
2-2: Foul Ball, location: 2F
2-2: Strikes out swinging
Batting: RHB Greg Burdine 0-0: Ball
1-0: Ball
2-0: Ball
3-0: Called Strike
3-1: SINGLE (Groundball, 6S, EV 63.8 MPH) (infield hit)
D.J. Martinez to third
Batting: RHB Randy Grewe 0-0: Called Strike
0-1: Fly out, F9 (Flyball, 89M, EV 88.8 MPH)
Top of the 3rd over - 0 runs, 2 hits, 0 errors, 2 left on base; Los Angeles (NYP) 0 - Hudson Valley 0
BOTTOM OF THE 3RD
Hudson Valley Renegades batting - Pitching for Los Angeles (NYP) Angels : RHP Jose Alvarado
Batting: RHB Chris Glavin 0-0: Called Strike
0-1: Swinging Strike
0-2: Fly out, F9 (Line Drive, 9, EV 93.8 MPH)
Batting: RHB Jose Bengochea 0-0: SINGLE (Groundball, 56D, EV 98.8 MPH)
Batting: SHB Tirta Subandrio 0-0: Swinging Strike
0-1: Ball
1-1: Ball
2-1: SINGLE (Groundball, 34, EV 105.0 MPH)
Jose Bengochea to second
Batting: LHB Dan Hunt 0-0: Called Strike
0-1: Swinging Strike
0-2: Ball
1-2: Ball
2-2: Strikes out swinging
Batting: LHB Mark Marvin 0-0: Ground out 4-3 (Groundball, 4, EV 85.0 MPH)
Bottom of the 3rd over - 0 runs, 2 hits, 0 errors, 2 left on base; Los Angeles (NYP) 0 - Hudson Valley 0
TOP OF THE 4TH
Los Angeles (NYP) Angels batting - Pitching for Hudson Valley Renegades : RHP Kyle Thomas
Batting: RHB John Beddow 0-0: Ground out 6-3 (Groundball, 6, EV 88.1 MPH)
Batting: SHB Roger Payne 0-0: Hit by Pitch
Batting: RHB Pat Crawley 0-0: Foul Ball, location: 2F
0-1: Ball
1-1: Ball
2-1: Ball
3-1: Base on Balls
Roger Payne to second
Batting: RHB Tristan Lewis 0-0: Foul Ball, location: 2F
0-1: Ball
1-1: Ball
2-1: Foul Ball, location: 2F
2-2: Foul Ball, location: 2F
2-2: Strikes out swinging
Batting: RHB David Kunze 0-0: Called Strike
0-1: Swinging Strike
0-2: Strikes out swinging
Top of the 4th over - 0 runs, 0 hits, 0 errors, 2 left on base; Los Angeles (NYP) 0 - Hudson Valley 0
BOTTOM OF THE 4TH
Hudson Valley Renegades batting - Pitching for Los Angeles (NYP) Angels : RHP Jose Alvarado
Batting: SHB Suljo Dokic 0-0: Ball
1-0: Foul Ball, location: 2F
1-1: Called Strike
1-2: Foul Ball, location: 2F
1-2: Foul Ball, location: 2F
1-2: Strikes out swinging
Batting: RHB Jesse Haddad 0-0: Called Strike
0-1: Called Strike
0-2: Ball
1-2: Ball
2-2: Ball
3-2: Hit by Pitch
Batting: RHB Mark Richert 0-0: Ball
1-0: Ball
2-0: Ball
3-0: Called Strike
3-1: Called Strike
3-2: Fly out, F3 (Line Drive, 3, EV 66.2 MPH)
Lined into DP, U3 (Line Drive, 3, EV 75.0 MPH)
Bottom of the 4th over - 0 runs, 0 hits, 0 errors, 0 left on base; Los Angeles (NYP) 0 - Hudson Valley 0
TOP OF THE 5TH
Los Angeles (NYP) Angels batting - Pitching for Hudson Valley Renegades : RHP Kyle Thomas
Batting: RHB D.J. Martinez 0-0: Called Strike
0-1: Ball
1-1: Foul Ball, location: 2F
1-2: Ground out 4-3 (Groundball, 4, EV 85.6 MPH)
Batting: RHB Steve Hasson 0-0: Called Strike
0-1: Ball
1-1: Foul Ball, location: 2F
1-2: Foul Ball, location: 2F
1-2: Foul Ball, location: 2F
1-2: Ball
2-2: Ground out 6-3 (Groundball, 56, EV 100.6 MPH)
Batting: RHB Greg Burdine 0-0: Ball
1-0: Called Strike
1-1: Ball
2-1: Ball
3-1: Fly out, F4 (Line Drive, 4, EV 73.1 MPH)
Top of the 5th over - 0 runs, 0 hits, 0 errors, 0 left on base; Los Angeles (NYP) 0 - Hudson Valley 0
BOTTOM OF THE 5TH
Hudson Valley Renegades batting - Pitching for Los Angeles (NYP) Angels : RHP Jose Alvarado
Batting: SHB Josif Popovski 0-0: Ball
1-0: Ball
2-0: Ball
3-0: Base on Balls
Batting: RHB Chris Glavin 0-0: Ball
Josif Popovski steals 2nd base (no throw)
1-0: DOUBLE (Line Drive, 89D, EV 115.0 MPH)
Josif Popovski scores
Batting: RHB Jose Bengochea 0-0: Ball
1-0: Ground out 6-3 (Groundball, 6S, EV 93.1 MPH)
Batting: SHB Tirta Subandrio 0-0: Ball
1-0: Ball
2-0: Called Strike
2-1: DOUBLE (Line Drive, 9LM, EV 111.9 MPH)
Chris Glavin scores
Batting: LHB Dan Hunt 0-0: Ground out 6-3 (Groundball, 6, EV 90.6 MPH)
Batting: LHB Mark Marvin 0-0: Ball
1-0: Foul Ball, location: 2F
1-1: Called Strike
1-2: Ball
2-2: Ball
3-2: Strikes out swinging
Bottom of the 5th over - 2 runs, 2 hits, 0 errors, 1 left on base; Los Angeles (NYP) 0 - Hudson Valley 2
TOP OF THE 6TH
Los Angeles (NYP) Angels batting - Pitching for Hudson Valley Renegades : RHP Kyle Thomas
Batting: RHB Randy Grewe 0-0: SINGLE (Groundball, 56, EV 98.1 MPH) (infield hit)
Batting: RHB John Beddow 0-0: Ball
1-0: Foul Ball, location: 2F
1-1: Ball
Randy Grewe is caught stealing 2nd base 2-4
2-1: Foul Ball, location: 2F
2-2: Fly out, F8 (Flyball, 8RD, EV 103.1 MPH)
Batting: SHB Roger Payne 0-0: SINGLE (Groundball, 25, EV 62.5 MPH) (infield hit)
Pitching: RHP Adam Worrell
Batting: RHB Pat Crawley 0-0: Ball
1-0: Swinging Strike
1-1: Ball
2-1: SINGLE (Line Drive, 4D, EV 96.2 MPH)
Roger Payne to second
Batting: RHB Tristan Lewis 0-0: Ball
1-0: Swinging Strike
1-1: Ball
2-1: Foul Ball, location: 2F
2-2: Foul Ball, location: 2F
2-2: DOUBLE (Line Drive, 78XD, EV 106.9 MPH)
Roger Payne scores
Pat Crawley to third
Runner from 3rd tries for Home, SAFE, no throw by CF
Batting: RHB David Kunze 0-0: Called Strike
0-1: Swinging Strike
0-2: Strikes out swinging
Top of the 6th over - 2 runs, 4 hits, 0 errors, 1 left on base; Los Angeles (NYP) 2 - Hudson Valley 2
BOTTOM OF THE 6TH
Hudson Valley Renegades batting - Pitching for Los Angeles (NYP) Angels : RHP Jose Alvarado
Batting: SHB Suljo Dokic 0-0: Foul Ball, location: 2F
0-1: Called Strike
0-2: Ball
1-2: Strikes out swinging
Batting: RHB Jesse Haddad 0-0: Called Strike
0-1: Ball
1-1: Called Strike
1-2: Strikes out swinging
Batting: RHB Mark Richert 0-0: Swinging Strike
0-1: Ball
1-1: DOUBLE (Flyball, 8RD, EV 103.1 MPH)
Pitching: RHP Joe Schuler
Batting: SHB Josif Popovski 0-0: Called Strike
0-1: Reached on error, E6 (Groundball, 6M, EV 85.0 MPH)
Mark Richert to third
Batting: RHB Chris Glavin 0-0: Swinging Strike
0-1: Ball
1-1: Ball
2-1: Foul Ball, location: 2F
2-2: Strikes out swinging
Bottom of the 6th over - 0 runs, 1 hit, 1 error, 2 left on base; Los Angeles (NYP) 2 - Hudson Valley 2
TOP OF THE 7TH
Los Angeles (NYP) Angels batting - Pitching for Hudson Valley Renegades : RHP Adam Worrell
Batting: RHB D.J. Martinez 0-0: Ball
1-0: Called Strike
1-1: Ball
2-1: Ball
3-1: SINGLE (Groundball, 6D, EV 106.9 MPH)
Batting: RHB Steve Hasson 0-0: Sac Bunt to 5S - play at first, batter OUT! 5-4
D.J. Martinez to second
Batting: RHB Greg Burdine 0-0: Called Strike
0-1: Foul Ball, location: 2F
0-2: Ball
1-2: Foul Ball, location: 2F
1-2: Ball
2-2: Fly out, F9 (Flyball, 9S, EV 86.9 MPH)
Batting: RHB Randy Grewe 0-0: Ball
1-0: Ball
2-0: Ball
3-0: Called Strike
3-1: Called Strike
3-2: Foul Ball, location: 2F
3-2: Strikes out looking
Top of the 7th over - 0 runs, 1 hit, 0 errors, 1 left on base; Los Angeles (NYP) 2 - Hudson Valley 2
BOTTOM OF THE 7TH
Hudson Valley Renegades batting - Pitching for Los Angeles (NYP) Angels : RHP Joe Schuler
Batting: RHB Jose Bengochea 0-0: Ball
1-0: Foul Ball, location: 2F
1-1: Swinging Strike
1-2: Foul Ball, location: 2F
1-2: Foul Ball, location: 2F
1-2: Foul Ball, location: 2F
1-2: Ball
2-2: Fly out, F7 (Flyball, 7S, EV 97.5 MPH)
Batting: SHB Tirta Subandrio 0-0: Ground out 4-3 (Groundball, 4, EV 87.5 MPH)
Batting: LHB Dan Hunt 0-0: Ball
1-0: Ball
2-0: SINGLE (Groundball, 4MD, EV 103.8 MPH)
Batting: LHB Mark Marvin 0-0: Ball
Dan Hunt steals 2nd base (no throw)
1-0: Ball
2-0: Ball
3-0: Called Strike
3-1: SINGLE (Groundball, 4D, EV 97.5 MPH)
Dan Hunt to third
Runner from 3rd tries for Home, SAFE, throw by RF to home
Batting: SHB Suljo Dokic 0-0: Ball
1-0: Ground out U3 (Groundball, 3, EV 108.8 MPH)
Bottom of the 7th over - 1 run, 2 hits, 0 errors, 1 left on base; Los Angeles (NYP) 2 - Hudson Valley 3
TOP OF THE 8TH
Los Angeles (NYP) Angels batting - Pitching for Hudson Valley Renegades : RHP Adam Worrell
Pitching: RHP Josh McMahan
Batting: RHB John Beddow 0-0: Called Strike
0-1: SINGLE (Line Drive, 78D, EV 105.6 MPH)
Batting: SHB Roger Payne 0-0: Ball
1-0: Called Strike
1-1: Foul Ball, location: 2F
1-2: Ball
2-2: Strikes out looking
Batting: RHB Pat Crawley 0-0: Called Strike
0-1: Fielders Choice at 2nd, 6-4 (Groundball, 6, EV 90.6 MPH)
Batting: RHB Tristan Lewis 0-0: Called Strike
0-1: Swinging Strike
0-2: Ball
1-2: Ball
2-2: Ground out 2-3 (Groundball, 2R, EV 71.2 MPH)
Top of the 8th over - 0 runs, 1 hit, 0 errors, 1 left on base; Los Angeles (NYP) 2 - Hudson Valley 3
BOTTOM OF THE 8TH
Hudson Valley Renegades batting - Pitching for Los Angeles (NYP) Angels : RHP Joe Schuler
Pitching: RHP Cal Abbott
Batting: RHB Jesse Haddad 0-0: SINGLE (Groundball, 4MD, EV 105.6 MPH)
Batting: RHB Mark Richert 0-0: Called Strike
Jesse Haddad steals 2nd base
0-1: Ball
1-1: SINGLE (Groundball, 56D, EV 103.1 MPH)
Jesse Haddad to third
Batting: SHB Josif Popovski 0-0: Called Strike
0-1: Swinging Strike
0-2: Foul Ball, location: 2F
0-2: Ball
1-2: Strikes out looking
Batting: RHB Chris Glavin 0-0: Ball
1-0: Ball
2-0: Foul Ball, location: 2F
2-1: Foul Ball, location: 2F
2-2: Hit by Pitch
Mark Richert to second
Batting: RHB Jose Bengochea 0-0: Ball
1-0: Called Strike
1-1: Swinging Strike
1-2: Ball
2-2: Ball
3-2: Strikes out swinging
Batting: SHB Tirta Subandrio 0-0: Reached on error, E6 (Groundball, 6, EV 91.9 MPH)
Jesse Haddad scores
Mark Richert to third
Chris Glavin to second
Batting: LHB Dan Hunt 0-0: Foul Ball, location: 2F
0-1: Swinging Strike
0-2: Strikes out swinging
Bottom of the 8th over - 1 run, 2 hits, 1 error, 3 left on base; Los Angeles (NYP) 2 - Hudson Valley 4
TOP OF THE 9TH
Los Angeles (NYP) Angels batting - Pitching for Hudson Valley Renegades : RHP Josh McMahan
Pitching: RHP Nelson Dawson
Batting: RHB David Kunze 0-0: Ball
1-0: Ball
2-0: Called Strike
2-1: Foul Ball, location: 2F
2-2: Ball
3-2: Fly out, F3 (Popup, 3L, EV 66.9 MPH)
Pinch Hitting: RHB Jon Griffin 0-0: Swinging Strike
0-1: Ball
1-1: Foul Ball, location: 2F
1-2: Foul Ball, location: 2F
1-2: Strikes out swinging
Batting: RHB Steve Hasson 0-0: Fly out, F9 (Flyball, 9, EV 83.1 MPH)
Top of the 9th over - 0 runs, 0 hits, 0 errors, 0 left on base; Los Angeles (NYP) 2 - Hudson Valley 4
Thursday, March 31st , 2022 - OOTP Baseball 22.12 Build 89